 Dungeon Crawl Stone Soup version 0.29.1-13-g9f3cf754e1 (webtiles) character file.

Game seed: 2563654333659823222

19 Thatpatchoflichen the Shooter (level 2, 0/23 HPs)
             Began as a Demonspawn Hunter on Feb 2, 2023.
             Succumbed to a goblin's poison
             ... on level 1 of the Dungeon.
             The game lasted 00:03:29 (581 turns).

Thatpatchoflichen the Shooter (Demonspawn Hunter)    Turns: 581, Time: 00:03:29

Health: 0/23       AC:  3    Str: 11    XL:     2   Next: 55%
Magic:  2/2        EV: 12    Int: 10    God:
Gold:   45         SH:  0    Dex: 16    Spells: 1/1 levels left

rFire   . . .      SeeInvis .   a - +0 shortbow
rCold   . . .      Faith    .   (shield currently unavailable)
rNeg    . . .      Spirit   .   c - +0 leather armour
rPois   .          Reflect  .   (no helmet)
rElec   .          Harm     .   (no cloak)
rCorr   .          Rampage  .   (no gloves)
Will    .....                   (no boots)
Stlth   ++........              (no amulet)
HPRegen 0.07/turn               (no ring)
MPRegen 0.08/turn               (no ring)

@: lethally poisoned (0 -> -1)
A: foul stench 1
a: no special abilities


You were on level 1 of the Dungeon.
You visited 1 branch of the dungeon, and saw 2 of its levels.

You collected 45 gold pieces.

Inventory:

Hand Weapons
 a - a +0 shortbow (weapon)
Armour
 c - a +0 leather armour (worn)
Scrolls
 b - a scroll of immolation
 d - a scroll of identify {unknown}
 e - a scroll of enchant armour {unknown}


   Skills:
 + Level 2.4 Fighting
 + Level 3.8 Ranged Weapons
 + Level 2.2 Dodging
 - Level 1.0 Stealth


You had one spell level left.
You didn't know any spells.
Your spell library contained the following spells:

 Spells                   Type           Power      Damage    Failure   Level
 Magic Dart               Conj           0%         1d3       45%         1
 Call Imp                 Summ           0%         N/A       58%         2
 Mephitic Cloud           Conj/Pois/Air  0%         N/A       83%         3


Dungeon Overview and Level Annotations

Branches:
Dungeon (2/15)

Altars:


Innate Abilities, Weirdness & Mutations

You may rarely emit foul miasma when damaged in melee.


Message History

Aim: a kobold, wielding a +0 short sword (moderately wounded, 55% to hit)
You shoot an arrow. The arrow hits the kobold.
You kill the kobold!
Fire: a) +0 shortbow
Press: ? - help, Q - select action Shift-Dir - straight line, f - goblin
Aim: a goblin, wielding a +2 dagger of venom (55% to hit)
You shoot an arrow. The arrow barely misses the goblin.
The goblin hits you with a +2 dagger of venom.
You are poisoned.
Fire: a) +0 shortbow
Press: ? - help, Q - select action Shift-Dir - straight line, f/p - goblin
Aim: a goblin, wielding a +2 dagger of venom (55% to hit)
You shoot an arrow. The arrow closely misses the goblin.
You feel very sick.
The goblin hits you with a +2 dagger of venom.
You are lethally poisoned!
The goblin closely misses you.
Fire: a) +0 shortbow
Press: ? - help, Q - select action Shift-Dir - straight line, f/p - goblin
Aim: a goblin, wielding a +2 dagger of venom (55% to hit)
You shoot an arrow. The arrow hits the goblin!
You kill the goblin!
You feel very sick.
Found a scroll labelled UWKAON WESTYU.
You feel sick.
You feel sick.
There is an open door, spattered with blood here.
Things that are here:
a +2 dagger of venom; a +0 short sword; a kobold corpse
* * * LOW HITPOINT WARNING * * *
You feel sick.
* * * LOW HITPOINT WARNING * * *
You feel sick.
* * * LOW HITPOINT WARNING * * *
You feel sick.
Found a chain mail.
* * * LOW HITPOINT WARNING * * *
You feel sick.
* * * LOW HITPOINT WARNING * * *
You feel sick.
You die...

......##.# ########.##....# #.##
[.....##.# #......#.###...# #.#
###.####.# #......#.###.#.###.#
#)# #.. #.....#.#......##.##
#)####### #.....#.#.#.##......
###.......## #.....)...#...).....
..........#≈≈#.....#.############
...........≈≈......#............#
...........≈≈...@..###########...
......†....~~......# ............
...........~~~.###.# ########....
...........~~.. .... #....
...........≈~.. #.#.# #....
...........~~. #.#[# #....
...........~≈. #.# # #.... ..~≈
#.... #....


There were no monsters in sight!

Vanquished Creatures
  2 endoplasms (D:1)
  3 goblins (D:1)
  A hobgoblin (D:1)
  4 kobolds (D:1)
  A quokka (D:1)
  2 bats (D:1)
  2 frilled lizards (D:1)
  3 rats (D:1)
18 creatures vanquished.

Notes
Turn   | Place    | Note
-------+----------+-------------------------------------------
     0 | D:1      | Thatpatchoflichen the Demonspawn Hunter began the quest for
                  | the Orb.
     0 | D:1      | Reached XP level 1. HP: 16/16 MP: 1/1
   109 | D:1      | Reached skill level 1 in Stealth
   199 | D:1      | Gained mutation: You may rarely emit foul miasma when
                  | damaged in melee. [demonic ancestry]
   199 | D:1      | Reached XP level 2. HP: 22/22 MP: 2/2
   580 | D:1      | HP: 1/23 [poisoned by a goblin]
   581 | D:1      | Succumbed to a goblin's poison

Illustrated notes

Levels and vault maps discovered:
D:1:      dpeg_arrival_pits, layout_basic, chequers_serial_rivers_small_3,
          minmay_split_cup_large
D:2:      layout_loops_ring, grunt_ministairs_6, small_statue_intersection

Skill      XL: |  1 |
---------------+----+-----
Stealth        | 1 |  1.0
Dodging        | 2 |  2.2
Fighting       | |  2.4
Ranged Weapons | |  3.8

Action                   || total
-------------------------++-------
 Fire: Shortbow          ||    52
Armor: Leather armour    ||     9
Dodge: Dodged            ||    17
